 Dungeon Crawl Stone Soup version 0.26-a0-602-gd42a14c23b (webtiles) character file.

Game seed: 9034123061839515285

16135 Eifo4Ohj9gu9Dob0ohLe the Basher (level 12, 0/72 HPs)
             Began as a Gargoyle Berserker on Aug 30, 2020.
             Was a High Priest of Trog.
             Slain by a death yak (17 damage)
             ... on level 11 of the Dungeon.
             The game lasted 00:58:31 (12421 turns).

Eifo4Ohj9gu9Dob0ohLe the Basher (GrBe)             Turns: 12421, Time: 00:58:31

Health: 0/72       AC: 15    Str: 24    XL:     12   Next: 34%
Magic:  12/12      EV: 16    Int: 13    God:    Trog [*****.]
Gold:   600        SH: 19    Dex: 13    Spells: 11/11 levels left

rFire    . . .     SeeInvis .   g - +4 mace
rCold    . . .     Faith    .   k - +1 tower shield
rNeg     + . .     Spirit   .   H - +0 troll leather armour
rPois    ∞         Reflect  .   (no helmet)
rElec    +         Harm     .   q - scarf {repulsion}
rCorr    .                      (no gloves)
MR       ++...                  N - +0 pair of boots of the Vestibule of Hell {Dex+3}
Stlth    ++........             (no amulet)
HPRegen  1.62/turn              n - +4 ring of evasion
MPRegen  0.13/turn              (no ring)

@: regenerating, repel missiles
A: claws 1, clever 2, negative energy resistance 1, electricity resistance,
unbreathing, petrification resistance, rot immunity, AC +8
a: Berserk, Trog's Hand, Brothers in Arms, Renounce Religion


You were on level 11 of the Dungeon.
You worshipped Trog.
Trog was extremely pleased with you.
You visited 1 branch of the dungeon, and saw 11 of its levels.
You also visited: Ossuary.

You collected 600 gold pieces.

Inventory:

Hand Weapons
 g - a +4 mace (weapon)
 o - the +8 hunting sling "Kixke" {venom, SInv, unknown}
   (You found it on level 4 of the Dungeon)

   It poisons the ammo it fires.
   It lets you see invisible.
 w - a +3 vorpal great mace
 A - a +0 vorpal mace
 B - a +2 quarterstaff of chaos
 O - a +5 quarterstaff
Missiles
 h - 5 throwing nets (quivered)
 v - 7 curare-tipped darts
Armour
 b - a +1 chain mail of magic resistance
 k - a +1 tower shield (worn)
 q - a scarf of repulsion (worn)
 y - +0 swamp dragon scales
 C - a +0 cloak
 F - a +0 pair of boots
 H - a +0 troll leather armour (worn)
 N - the +0 pair of boots of the Vestibule of Hell (worn) {Dex+3}
   (You acquired it on level 8 of the Dungeon)

   It affects your dexterity (+3).
Jewellery
 j - an uncursed ring of wizardry
 n - a +4 ring of evasion (left claw)
Wands
 a - a wand of flame (69)
 l - a wand of digging (5)
 m - a wand of paralysis (9)
 r - a wand of random effects (12)
 x - a wand of acid (1)
 J - a wand of disintegration (9)
 L - a wand of polymorph (15)
 M - a wand of iceblast (15)
Scrolls
 d - 15 scrolls of identify
 e - 6 scrolls of teleportation
 i - 5 scrolls of remove curse
 s - 2 scrolls of fear
 t - 3 scrolls of enchant weapon
 u - 2 scrolls of enchant armour
 z - a scroll of torment {unknown}
 D - a scroll of blinking
Potions
 c - 2 potions of might
 f - 4 potions of stabbing
 p - 10 potions of curing
 E - a potion of invisibility
 G - a potion of mutation
 K - 5 potions of ambrosia
 P - a potion of haste


   Skills:
 + Level 7.4 Fighting
 * Level 12.9 Maces & Flails
 + Level 6.5 Armour
 + Level 5.9 Dodging
 + Level 1.9 Stealth
 + Level 11.3 Shields
 + Level 0.1 Evocations


You had 11 spell levels left.
You didn't know any spells.
Your spell library was empty.

Dungeon Overview and Level Annotations

Branches:
Dungeon (11/15)            Temple (0/1) D:7            Lair (0/6) D:11
Ossuary (visited)
    Orc: D:9-12

Altars:
Cheibriados
Dithmenos
Elyvilon
Kikubaaqudgha
Makhleb
Okawaru
Qazlal
Uskayaw
Vehumet
Xom
Yredelemnul
Zin
The Shining One
Lugonu

Shops:
D:5 (   D:9 [


Innate Abilities, Weirdness & Mutations

You are resistant to torment.
Your stone body is resilient. (AC +8)
You are immune to poison.
You resist negative energy. (rN+)
You are resistant to electric shocks. (rElec)
You can survive without breathing.
You are immune to petrification.
You are immune to rotting.
You have sharp fingernails.
Your mind is very acute. (Int +4)


Message History

You barely miss the death yak.
The death yak is heavily wounded.
You block the death yak's attack.
You hit the death yak but do no damage.
The death yak is heavily wounded.
You block the death yak's attack.
You sock the death yak!
The death yak is severely wounded.
The rat twitches its whiskers.
The death yak gores you!
You thump the death yak!
The death yak is almost dead.
You sock the death yak!
The death yak is almost dead.
The death yak gores you!!
* * * LOW HITPOINT WARNING * * *
You hit the death yak but do no damage.
The death yak is almost dead.
The death yak gores you!
You die...

#
#..........#
#
#..........#
+.>........#
#..........#
#########'##
#....# #.####
####'##
#rY@..#
#r##### +...#
#.....r..#
.r..D.......#
..rY......###
.r.........
...>..#...##
.....#....$


You could see a death yak and 2 rats.

Vanquished Creatures
  Harold (D:9)
  2 dancing weapons (D:7)
  4 two-headed ogres
  2 death yaks (D:11)
  Maggie (D:6)
  A kobold demonologist (D:8)
  A queen bee (D:9)
  2 trolls
  A hornet (D:8)
  Grinder (D:3)
  A hippogriff (D:7)
  A meliai zombie (D:11)
  2 wyverns
  6 yaks (D:10)
  An acid dragon (D:11)
  4 orc warriors
  2 ice beasts
  3 black bears
  A phantom (D:11)
  2 sky beasts
  8 ogres
  4 centaurs
  11 big kobolds (D:8)
  5 bullfrogs
  3 wyvern zombies (Ossuary)
  A wyvern skeleton (D:10)
  3 scorpions
  29 killer bees
  3 wights (D:9)
  5 bullfrog zombies
  2 jellies
  A quasit (D:10)
  2 centaur zombies
  2 centaur skeletons
  6 hounds
  5 orc priests
  Crazy Yiuf (D:6)
  2 iron imps (D:9)
  4 orc wizards
  Jessica (D:2)
  11 mummies (Ossuary)
  Ijyb (D:4)
  4 iguanas
  A hell rat (D:11)
  10 worker ants
  A killer bee zombie (Ossuary)
  A hound skeleton (D:7)
  A howler monkey zombie (Ossuary)
  A howler monkey skeleton (D:9)
  18 adders
  3 white imps
  An ufetubus (D:6)
  An ooze (D:2)
  2 adder skeletons
  2 adder zombies
  3 worms (D:2)
  3 dart slugs
  6 leopard geckos
  18 orcs
  6 bats
  4 giant cockroaches
  7 hobgoblins
  12 jackals
  20 kobolds
  7 quokkas
  2 ball pythons (D:4)
  5 frilled lizards
  12 goblins
  A jackal zombie (Ossuary)
  A leopard gecko zombie (Ossuary)
  A quokka zombie (Ossuary)
  7 rats
310 creatures vanquished.

Vanquished Creatures (others)
  A white imp (D:5)
  10 withered plants (Ossuary)
11 creatures vanquished.

Grand Total: 321 creatures vanquished

Notes
Turn   | Place    | Note
-------+----------+-------------------------------------------
     0 | D:1      | Eifo4Ohj9gu9Dob0ohLe the Gargoyle Berserker began the quest
                  | for the Orb.
     0 | D:1      | Reached XP level 1. HP: 14/14 MP: 1/1
   256 | D:1      | Reached XP level 2. HP: 18/19 MP: 2/2
   895 | D:2      | Reached XP level 3. HP: 23/23 MP: 3/3
  1073 | D:2      | Reached XP level 4. HP: 29/29 MP: 4/4
  1147 | D:2      | Reached skill level 4 in Maces & Flails
  1301 | D:2      | Noticed Jessica
  1303 | D:2      | Killed Jessica
  1303 | D:2      | Reached ** piety under Trog
  1303 | D:2      | Reached skill level 1 in Shields
  1498 | D:2      | Reached XP level 5. HP: 21/33 MP: 5/5
  1617 | D:2      | Noticed an ogre
  1633 | D:2      | Killed an ogre
  1863 | D:2      | Reached XP level 6. HP: 38/38 MP: 6/6
  2317 | D:3      | Reached skill level 5 in Maces & Flails
  2731 | D:3      | Found a faded altar of an unknown god.
  2773 | D:3      | Noticed Grinder
  2775 | D:3      | Found a white marble altar of Elyvilon.
  2786 | D:3      | Killed Grinder
  2786 | D:3      | Reached XP level 7. HP: 26/43 MP: 7/7
  3327 | D:4      | Found a sand-covered staircase.
  3344 | Ossuary  | Entered an ossuary
  3357 | Ossuary  | Reached *** piety under Trog
  3452 | Ossuary  | Reached skill level 6 in Maces & Flails
  3747 | Ossuary  | Reached XP level 8. HP: 44/48 MP: 8/8
  3758 | Ossuary  | Reached skill level 1 in Stealth
  4099 | Ossuary  | Reached skill level 5 in Shields
  4168 | D:4      | Found a snail-covered altar of Cheibriados.
  4168 | D:4      | Found a basalt altar of Yredelemnul.
  4342 | D:4      | Noticed Ijyb
  4354 | D:4      | Killed Ijyb
  4428 | D:4      | Got a shimmering hunting sling
  4523 | D:4      | Reached **** piety under Trog
  4911 | D:4      | Reached skill level 7 in Maces & Flails
  5270 | D:4      | Found a stormy altar of Qazlal.
  5504 | D:5      | Entered Level 5 of the Dungeon
  5507 | D:5      | Found an ancient bone altar of Kikubaaqudgha.
  5628 | D:5      | Gained mutation: Your mind is acute. (Int +2) [potion of
                  | mutation]
  5628 | D:5      | Gained mutation: Your mind is very acute. (Int +4) [potion
                  | of mutation]
  5628 | D:5      | Gained mutation: You have sharp fingernails. [potion of
                  | mutation]
  5721 | D:5      | Found Gunona's Antique Weapon Shoppe.
  5896 | D:6      | Reached XP level 9. HP: 53/53 MP: 9/9
  5946 | D:6      | Found a shadowy altar of Dithmenos.
  5948 | D:6      | Found an iron altar of Okawaru.
  5984 | D:6      | Noticed Maggie
  5998 | D:6      | Killed Maggie
  5998 | D:6      | Reached skill level 5 in Fighting
  5998 | D:6      | Reached skill level 8 in Maces & Flails
  6163 | D:6      | Found a radiant altar of Vehumet.
  6165 | D:6      | Found a white marble altar of Elyvilon.
  6230 | D:6      | Found a radiant altar of Vehumet.
  6312 | D:6      | Found a glowing golden altar of the Shining One.
  6313 | D:6      | Found a burning altar of Makhleb.
  6364 | D:6      | Found a runed translucent door.
  6365 | D:6      | Noticed Crazy Yiuf
  6372 | D:6      | Killed Crazy Yiuf
  6634 | D:7      | You fall into a shaft and drop 3 floors!
  6634 | D:10     | Entered Level 10 of the Dungeon
  7001 | D:10     | Reached skill level 9 in Maces & Flails
  7020 | D:10     | Reached XP level 10. HP: 52/59 MP: 10/10
  7513 | D:10     | Noticed a two-headed ogre
  7522 | D:10     | Killed a two-headed ogre
  7522 | D:10     | Reached skill level 10 in Maces & Flails
  7522 | D:10     | Reached skill level 5 in Armour
  7833 | D:10     | Noticed a two-headed ogre
  7843 | D:10     | Killed a two-headed ogre
  8543 | D:9      | Found Cuefobb's Antique Armour Shop.
  8647 | D:9      | Reached ***** piety under Trog
  8715 | D:9      | Reached XP level 11. HP: 64/64 MP: 11/11
  8765 | D:9      | Reached skill level 11 in Maces & Flails
  8961 | D:9      | Noticed a two-headed ogre
  8972 | D:9      | Killed a two-headed ogre
  8972 | D:9      | Reached skill level 10 in Shields
  9004 | D:9      | Found a corrupted altar of Lugonu.
  9178 | D:9      | Noticed Harold
  9207 | D:9      | Killed Harold
  9207 | D:9      | Reached skill level 5 in Dodging
  9533 | D:8      | Received a gift from Trog
  9921 | D:8      | Identified a scroll of acquirement
  9921 | D:8      | Acquired the +0 pair of boots of the Vestibule of Hell
                  | {Dex+3}
 10152 | D:8      | Noticed a two-headed ogre
 10159 | D:8      | Killed a two-headed ogre
 10306 | D:8      | Reached skill level 12 in Maces & Flails
 10804 | D:7      | Found a glowing silver altar of Zin.
 10875 | D:7      | Found a shimmering altar of Xom.
 11195 | D:7      | Found a hide-covered altar of Uskayaw.
 11195 | D:7      | Noticed a +0 hand axe
 11195 | D:7      | Noticed a +0 hand axe
 11384 | D:7      | Killed a +0 hand axe
 11384 | D:7      | Reached XP level 12. HP: 58/72 MP: 12/12
 11501 | D:7      | Found a staircase to the Ecumenical Temple.
 11530 | D:7      | Received a gift from Trog
 11809 | D:7      | Found a shimmering altar of Xom.
 12339 | D:11     | Found a staircase to the Lair.
 12339 | D:11     | Noticed a death yak
 12341 | D:11     | Noticed a death yak
 12341 | D:11     | Noticed a death yak
 12357 | D:11     | Killed a death yak
 12389 | D:11     | Killed a death yak
 12421 | D:11     | Slain by a death yak

Illustrated notes

Levels and vault maps discovered:
D:1:      dpeg_arrival_three_bigger_balls, layout_basic
D:2:      minmay_spotlight, layout_loops_ring, uniq_jessica
D:3:      layout_basic, chequers_ecumenical_altar_grove, elyvilon_altar_3,
          uniq_grinder
D:4:      kennysheep_goblin_castle, layout_basic,
          chequers_temple_overflow_statue_of_worship,
          nicolae_qazlal_eye_of_the_storm, nicolae_ossuary_entry_monument
D:5:      layout_gridville, kiku_gazebo_pond_becter, serial_shops,
          nicolae_shop_waterfront, hex_large, dk_vineyard_1,
          lemuel_flamethrower_2
D:6:      layout_cave_pools, nicolae_overflow_hidden_temple,
          gammafunk_temple_overflow_pools, vehumet_altar_wand_db,
          uniq_crazy_yiuf_cottage, uniq_maggie
D:7:      layout_loops_corners, lemuel_doored_altar, old_standard_altar,
          dancing_weapons_uskayaw, minmay_temple_entry_fiery, basic_altar,
          dk_noncrumbling_3, minmay_statues_item
D:8:      layout_basic, special_room [special_room_kobold]
D:9:      layout_roguey [special_room_bee], serial_shops,
          nicolae_shop_waterfront, lemuel_hellish_altar, uniq_harold
D:10:     layout_gridville, eino_tiny_chamber
D:11:     layout_roguey, dpeg_lair_monsters, serial_shops, shop_statue,
          chequers_arboretum

Skill      XL: |  1  2  3  4  5  6  7  8  9 10 11 12 |
---------------+-------------------------------------+-----
Dodging        | 2 3 4 5 |  5.9
Maces & Flails | 4 5 6 7 9 10 12 | 12.9
Shields        | 1 2 3 4 6 7 9 10 11 | 11.3
Fighting       | 4 5 6 7 |  7.4
Armour         | 3 4 6 |  6.5
Stealth        | 1 |  1.9
Evocations     | |  0.1

Action                   |  1- 3 |  4- 6 |  7- 9 | 10-12 || total
-------------------------+-------+-------+-------+-------++-------
Melee: Mace              |    59 |   181 |   406 |   813 ||  1459
Invok: Berserk           |     1 |     3 |    10 |    14 ||    28
       Trog's Hand       |       |       |       |     1 ||     1
Evoke: Wand              |       |       |       |     5 ||     5
  Use: Scroll            |       |     8 |     6 |     2 ||    16
       Potion            |       |     3 |     6 |     6 ||    15
 Stab: Distracted        |       |     1 |     1 |     1 ||     3
       Sleeping          |       |       |       |     1 ||     1
Armor: Animal skin       |     7 |       |       |       ||     7
       Robe              |    18 |    14 |       |       ||    32
       Leather armour    |       |    23 |    28 |       ||    51
       Chain mail        |       |       |    58 |    88 ||   146
       Troll leather arm |       |       |       |    74 ||    74
Dodge: Dodged            |    34 |    61 |   114 |   249 ||   458
       Repelled          |       |       |       |     5 ||     5
Block: Tower shield      |    32 |   123 |   290 |   715 ||  1160

Table legend: (Time is in decaauts)
 A = Elapsed time spent in this place.
 B = Non-inter-level travel time spent in this place.
 C = Inter-level travel time spent in this place.
 D = Time resting spent in this place.
 E = Time spent auto-exploring this place.
 F = Levels seen in this place.
 G = Mean time per level.
                   A        B        C        D        E       F      G
               +--------+--------+--------+--------+--------+-----+--------+
         Total |  12767 |  12585 |    182 |   3716 |   4247 |  12 | 1063.9 |
       Dungeon |  11864 |  11682 |    182 |   3231 |   4247 |  11 | 1078.5 |
       Ossuary |    902 |    902 |      0 |    484 |      0 |   1 |  902.0 |
               +--------+--------+--------+--------+--------+-----+--------+

Top non-repeatable levels by time:
    D:10: 1778 daAuts
     D:2: 1470 daAuts
     D:4: 1427 daAuts
     D:7: 1349 daAuts
     D:8: 1333 daAuts
     D:9: 1152 daAuts
     D:3: 1057 daAuts
 Ossuary: 902 daAuts
     D:1: 889 daAuts
     D:6: 783 daAuts
     D:5: 317 daAuts
    D:11: 304 daAuts
